 Dungeon Crawl Stone Soup version 0.28-b1-70-g80dc712255 (webtiles) character file.

Game seed: 11547062858313825892

633 cbfl8 the Covered (level 7, -3/61 HPs)
             Began as a Minotaur Abyssal Knight on Feb 4, 2022.
             Was a Believer of Lugonu.
             Slain by Duvessa (15 damage)
             ... on level 4 of the Dungeon.
             The game lasted 00:09:00 (6132 turns).

cbfl8 the Covered (Minotaur Abyssal Knight)         Turns: 6132, Time: 00:09:00

Health: -3/61      AC: 14    Str: 22    XL:     7   Next: 24%
Magic:  7/7        EV:  7    Int:  7    God:    Lugonu [**....]
Gold:   168        SH:  0    Dex: 11    Spells: 5/6 levels left

rFire   + . .      SeeInvis .   r - +9 mace "Wihegez" {holy, Str+3}
rCold   x . .      Faith    .   i - orb {*channel}
rNeg    . . .      Spirit   .   c - +0 plate armour
rPois   .          Reflect  .   (helmet restricted)
rElec   .          Harm     .   d - +0 cloak
rCorr   .          Rampage  .   (no gloves)
Will    .....                   (no boots)
Stlth   ..........              (no amulet)
HPRegen 0.20/turn               f - ring of fire
MPRegen 0.10/turn               (no ring)

@: no status effects
A: horns 2, retaliatory headbutt
a: Renounce Religion, Depart the Abyss, Bend Space


You were on level 4 of the Dungeon.
You worshipped Lugonu.
Lugonu was pleased with you.
You visited 2 branches of the dungeon, and saw 5 of its levels.
You visited the Abyss 1 time.

You collected 168 gold pieces.

Inventory:

Hand Weapons
 a - a +1 hand axe
 r - the +9 mace "Wihegez" (weapon) {holy, Str+3}
   (You found it on level 3 of the Dungeon)

   It has been blessed by the Shining One to cause great damage to the undead
   and demons.
   Str:       It affects your strength (+3).
Armour
 b - a +0 leather armour
 c - a +0 plate armour (worn)
 d - a +0 cloak (worn)
 i - an orb of energy (worn)
 n - the +0 leather armour of Xueny {rElec Int+4 Dex-2 SInv}
   (You found it on level 2 of the Dungeon)

   Int:       It affects your intelligence (+4).
   Dex:       It affects your dexterity (-2).
   rElec:     It insulates you from electricity.
   SInv:      It lets you see invisible.
Jewellery
 f - a ring of fire (left hand)
Scrolls
 e - 3 scrolls of identify {unknown}
 g - a scroll of fog {unknown}
 j - 5 scrolls of teleportation {unknown}
 k - a scroll of fear {unknown}
 p - 2 scrolls of blinking {unknown}
 s - a scroll of torment {unknown}
Potions
 h - 3 potions of lignification {unknown}
 l - 2 potions of flight {unknown}
 m - a potion of degeneration {unknown}
 o - a potion of might
 q - a potion of curing {unknown}


   Skills:
 + Level 5.2 Fighting
 + Level 5.2(5.6) Axes
 + Level 3.2(4.7) Maces & Flails
 + Level 6.5 Armour
 + Level 1.2 Dodging
 + Level 0.2 Stealth
 + Level 2.1 Invocations


You had 5 spell levels left.
You knew the following spells:

 Your Spells              Type           Power      Damage    Failure   Level
a - Foxfire               Conj/Fire      0%         2x1d4     100%        1

Your spell library contained the following spells:

 Spells                   Type           Power      Damage    Failure   Level
 Conjure Flame            Conj/Fire      0%         6-21      100%        3
 Inner Flame              Hex/Fire       0%         N/A       100%        3
 Flame Wave               Conj/Fire      0%         2d4       100%        4


Dungeon Overview and Level Annotations

Branches:
Dungeon (4/15)             Temple (1/1) D:4

Altars:
Cheibriados
Dithmenos
Elyvilon
Gozag
Hepliaklqana
Kikubaaqudgha
Nemelex Xobeh
Qazlal
Ru
Sif Muna
Uskayaw
Wu Jian
Xom
Zin

Shops:
D:1 (

Annotations:
D:4 Duvessa


Innate Abilities, Weirdness & Mutations

You have a pair of horns on your head.
You reflexively headbutt those who attack you in melee.


Message History

You kill the adder!
Lugonu accepts your kill. Duvessa hits you with a +0 short sword.
Dowan casts a spell at Duvessa.
Duvessa seems to speed up.
You barely miss Duvessa. Duvessa hits you with a +0 short sword.
You hit Duvessa.
Duvessa is lightly wounded.
Duvessa hits you with a +0 short sword.
You sock Dowan! You headbutt Dowan!
Dowan is severely wounded.
Duvessa hits you with a +0 short sword. Dowan hits you but does no damage.
Duvessa hits you but does no damage.
You barely miss Dowan.
Dowan is severely wounded.
Duvessa hits you but does no damage. Dowan hits you with a +0 dagger.
Duvessa hits you with a +0 short sword.
You hit Dowan.
Dowan is almost dead.
Dowan closely misses you. Duvessa hits you but does no damage.
Dowan hits you but does no damage. Duvessa hits you with a +0 short sword.
You closely miss Dowan. You headbutt Dowan.
You kill Dowan!
Lugonu accepts your kill.
Duvessa weeps, and shakes her weapon.
Duvessa goes berserk!
Duvessa hits you with a +0 short sword!
Found a scroll labelled SAOMPY VUQON.
Duvessa hits you with a +0 short sword. Duvessa hits you with a +0 short sword!
Items here: ! ) [ †.
Duvessa hits you with a +0 short sword.
You barely miss Duvessa. You headbutt Duvessa.
Duvessa is lightly wounded.
Duvessa hits you with a +0 short sword.
* * * LOW HITPOINT WARNING * * *
Duvessa hits you with a +0 short sword.
* * * LOW HITPOINT WARNING * * *
You thump Duvessa!
Duvessa is moderately wounded.
Duvessa hits you with a +0 short sword!
You die...

#.#
#...........##.#####.
#.# ##########...#.# .#
#.# #.....# .
##.############...#.# ##
#...................#
#..#########.....##..
#..# #.##..# ### #..####
#.##e.# #.....# #.##@)#
#.(##.######.##....?...#
#............###.#####.#
#...#.##########.#
##.....##.≈≈≈≈≈....
.<........≈###≈.#..#
####.#####≈# ##.# #.# ≈#
.# #.# ≈§


You could see Duvessa (berserk, fast).

Vanquished Creatures
  Eustachio (D:4)
  2 ogres (D:4)
  A scorpion (D:4)
  Dowan (D:4)
  An orc priest (D:4)
  Natasha (D:4)
  An orc wizard (D:4)
  A hound skeleton (D:4)
  5 adders
  An adder skeleton (D:4)
  A worm (D:2)
  3 dart slugs
  6 orcs
  4 ball pythons
  6 endoplasms
  3 giant cockroaches (D:1)
  A goblin (D:3)
  3 hobgoblins
  5 kobolds
  8 bats
  5 frilled lizards
  6 rats
66 creatures vanquished.

Vanquished Creatures (others)
  An orc wizard (D:4)
1 creature vanquished.

Grand Total: 67 creatures vanquished

Notes
Turn   | Place    | Note
-------+----------+-------------------------------------------
     0 | Abyss:1  | cbfl8 the Minotaur Abyssal Knight began the quest for the
                  | Orb.
     0 | Abyss:1  | Reached XP level 1. HP: 19/19 MP: 1/1
    95 | Abyss:1  | Noticed a quasit
    96 | Abyss:1  | Noticed a small abomination
   100 | D:1      | Escaped the Abyss
   200 | D:1      | Reached * piety under Lugonu
   201 | D:1      | Reached XP level 2. HP: 27/27 MP: 2/2
   317 | D:1      | Reached skill level 3 in Armour
   512 | D:1      | Found Kexteute's Antique Weapon Emporium.
   823 | D:2      | Reached XP level 3. HP: 23/34 MP: 3/3
  1146 | D:2      | Reached ** piety under Lugonu
  1553 | D:2      | Identified the +0 leather armour of Xueny {rElec Int+4
                  | Dex-2 SInv}
  1963 | D:3      | Reached XP level 4. HP: 41/41 MP: 4/4
  1968 | D:3      | Learned a level 1 spell: Foxfire
  2220 | D:3      | Identified the +9 mace "Wihegez" {holy, Str+3}
  2732 | D:4      | Noticed a scorpion
  2738 | D:4      | Killed a scorpion
  2739 | D:4      | Reached XP level 5. HP: 47/47 MP: 5/5
  2880 | D:4      | Noticed an ogre
  2892 | D:4      | Killed an ogre
  2893 | D:4      | Reached skill level 5 in Fighting
  2893 | D:4      | Reached skill level 4 in Armour
  3181 | D:4      | Found a staircase to the Ecumenical Temple.
  3188 | Temple   | Entered the Ecumenical Temple
  5673 | D:4      | Noticed Natasha
  5678 | D:4      | Killed Natasha
  5679 | D:4      | Reached skill level 5 in Axes
  5709 | D:4      | Reached skill level 1 in Maces & Flails
  5709 | D:4      | Reached XP level 6. HP: 52/56 MP: 6/6
  5767 | D:4      | Noticed Eustachio
  5794 | D:4      | Killed Eustachio
  5795 | D:4      | Reached skill level 5 in Armour
  6052 | D:4      | Reached skill level 6 in Armour
  6052 | D:4      | Reached XP level 7. HP: 51/61 MP: 7/7
  6117 | D:4      | Noticed Duvessa
  6117 | D:4      | Noticed Dowan
  6128 | D:4      | Killed Dowan
  6132 | D:4      | Slain by Duvessa

Illustrated notes

Levels and vault maps discovered:
D:1:      sevenhm_arrival_forest_fort_small_6, layout_basic, serial_shops, shop
D:2:      layout_basic
D:3:      layout_loops_corners, chequers_mini_garden, serial_bayou_pond_e
D:4:      layout_loops_ring, kennysheep_mini_moat, kennysheep_little_box,
          temple_doors_e, uniq_natasha, uniq_duvessa, uniq_eustachio
Temple:   jpeg_temple_clearing

Skill      XL: |  1  2  3  4  5  6 |
---------------+-------------------+-----
Fighting       | 4 5 |  5.2
Armour         | 3 4 6 |  6.5
Axes           | 3 4 5 |  5.2
Invocations    | 2 |  2.1
Maces & Flails | 1 3 |  3.2
Dodging        | |  1.2
Stealth        | |  0.2

Action                   |  1- 3 |  4- 6 |  7- 9 || total
-------------------------+-------+-------+-------++-------
Melee: Hand axe          |    76 |     1 |       ||    77
       Headbutt          |     9 |     7 |     3 ||    19
       Mace              |       |    54 |     9 ||    63
Invok: Depart the Abyss  |     1 |       |       ||     1
Armor: Plate armour      |   104 |    27 |     7 ||   138
Dodge: Dodged            |    52 |    18 |     1 ||    71
